 Dungeon Crawl Stone Soup version 0.18.1-1-g2f07953 (webtiles) character file.

6595 Eucla the Severer (level 10, -4/97 HPs)
             Began as a Minotaur Berserker on May 6, 2016.
             Was a High Priest of Trog.
             Hit by a large rock thrown by a cyclops (26 damage)
             ... on level 11 of the Dungeon.
             The game lasted 00:07:40 (6649 turns).

Eucla the Severer (Minotaur Berserker)              Turns: 6649, Time: 00:07:41

Health: -4/97      AC: 10    Str: 25    XL:     10   Next: 71%
Magic:  9/9        EV:  8    Int:  4    God:    Trog [*****.]
Gold:   610        SH:  0    Dex: 13    Spells: 0 memorised, 9 levels left

rFire  . . .     SeeInvis .     S - +1 hand axe (chop)
rCold  . . .     Gourm    .     N - +0 chain mail
rNeg   . . .     Faith    .     (no shield)
rPois  .         Spirit   .     (helmet restricted)
rElec  .         Dismiss  .     E - +0 cloak
rCorr  .         Reflect  .     (no gloves)
SustAt .         Harm     .     G - +0 pair of boots
MR     ++...                    C - amulet of regeneration
Stlth  ..........               v - ring of wizardry
                                i - +3 ring of strength

@: regenerating, drained, very resistant to hostile enchantments, extremely
unstealthy
A: retaliatory headbutt, horns 2
a: Berserk, Trog's Hand, Brothers in Arms, Burn Spellbooks, Renounce Religion


You were on level 11 of the Dungeon.
You worshipped Trog.
Trog was extremely pleased with you.
You were not hungry.

You visited 1 branch of the dungeon, and saw 11 of its levels.

You collected 610 gold pieces.

Inventory:

Hand Weapons
 a - a +0 hand axe
 S - a +1 hand axe of chopping (weapon)
Armour
 b - a +0 animal skin
 p - a +0 scale mail
 E - a +0 cloak (worn)
 G - a +0 pair of boots (worn)
 N - a +0 chain mail (worn)
Jewellery
 i - a +3 ring of strength (left hand)
 j - an uncursed ring of stealth
 v - a ring of wizardry (right hand)
 C - an amulet of regeneration (around neck)
Wands
 y - a wand of slowing (30/48)
 B - a wand of polymorph (10/24)
 M - a wand of lightning (5/15)
 Q - a wand of iceblast (4/15)
 R - a wand of polymorph (14/24)
 W - a wand of random effects (32/48)
Scrolls
 h - a scroll of noise {unknown}
 l - 2 scrolls of enchant armour {unknown}
 m - 9 scrolls of identify {unknown}
 w - 3 scrolls of random uselessness {unknown}
 x - 5 scrolls of remove curse {unknown}
 z - 4 scrolls of blinking {unknown}
 A - a scroll of immolation {unknown}
 I - a scroll of fear {unknown}
 J - a scroll of fog {unknown}
 K - 3 scrolls of teleportation {unknown}
 P - 3 scrolls of amnesia {unknown}
 U - a scroll of recharging {unknown}
 V - a scroll of enchant weapon {unknown}
Potions
 d - 4 potions of brilliance {unknown}
 e - 2 potions of might {unknown}
 f - a potion of resistance {unknown}
 g - a potion of mutation {unknown}
 k - 5 potions of curing {unknown}
 n - 2 potions of lignification {unknown}
 o - 2 potions of degeneration {unknown}
 q - 3 potions of invisibility {unknown}
 s - 3 potions of heal wounds {unknown}
 t - a potion of magic {unknown}
 u - a potion of haste {unknown}
 D - 3 potions of flight {unknown}
 H - 2 potions of agility {unknown}
 O - a potion of cure mutation {unknown}
Books
 L - a book of Conjurations

   Spells                             Type                      Level
   a - Magic Dart                     Conjuration                  1
   b - Searing Ray                    Conjuration                  2
   c - Dazzling Spray                 Conjuration/Hexes            3
   d - Fulminant Prism                Conjuration/Hexes            4
   e - Iskenderun's Mystic Blast      Conjuration                  4
   f - Iskenderun's Battlesphere      Conjuration/Charms           5
   Trog disapproves of the use of such an item.
Comestibles
 c - 7 bread rations
 r - 7 slices of pizza
 F - 4 meat rations


   Skills:
 + Level 11.7(10.8) Fighting
 * Level 15.3(14.3) Axes
 - Level 2.4(1.6) Armour
 - Level 2.1(1.4) Dodging


You had 9 spell levels left.
You didn't know any spells.

Dungeon Overview and Level Annotations

Branches:
Dungeon (11/15)            Temple (0/1) D:5
   Lair: D:8-11         Orc: D:9-12

Altars:
Dithmenos
Elyvilon
Makhleb
Nemelex Xobeh
Ru
Vehumet
Xom
Yredelemnul


Innate Abilities, Weirdness & Mutations

You reflexively headbutt those who attack you in melee.
You have a pair of horns on your head.


Message History

An electric eel comes into view.
Items here: )))) [[[[ Unknown command.
You hit the cyclops but do no damage. You headbutt the cyclops!
The cyclops is lightly wounded.
The cyclops hits you!!
A wolf comes into view.
The wolf howls!
The electric eel shoots out a bolt of lightning at you!
The bolt of electricity hits you!
Your chain mail prevents you from hitting the cyclops.
The cyclops is lightly wounded.
The electric eel shoots out a bolt of lightning at you!
The bolt of electricity hits you!
* * * LOW HITPOINT WARNING * * *
The electric eel shoots out a bolt of lightning at you!
The bolt of electricity hits you!
* * * LOW HITPOINT WARNING * * *
The cyclops throws a large rock.
The large rock hits you!!
You die...

##..##.#
#....#.#
#./.≈≈≈h[
#####)##.#.#
#..≈≈.;hh
#.....##.#>##
#....≈≈hh
#<######...[#
#...$;≈≈≈ #.#
###..##
#....≈≈≈≈ #.#
##..####..$.≈..≈
#.#
##(..##...≈h..≈
#.#
#.#.@)C......)
#.#
#.#####......#
#.# #.. #.###..
#.# ##. .# .# #
.# .#


You could see a cyclops, a wolf and 2 electric eels.

Vanquished Creatures
  Erolcha (D:10)
  Psyche (D:9)
  A gargoyle (D:6)
  The ghost of DemiseSR the Chopper, an amateur MiBe of Trog (D:5)
  Grinder (D:4)
  A two-headed ogre (D:9)
  Prince Ribbit (D:7)
  10 yaks (D:9)
  A hippogriff (D:10)
  A human (D:8)
  A hungry ghost (D:10)
  An ice beast (D:9)
  A phantom (D:5)
  An orc warrior (D:7)
  4 ogres
  A centaur (D:6)
  7 giant frogs
  Blork the orc (D:4)
  2 scorpions
  5 wights (D:11)
  4 howler monkeys
  4 crimson imps
  A centaur zombie (D:7)
  2 quasits
  2 jellies
  3 hounds
  5 orc priests
  Jessica (D:3)
  2 iguanas
  5 orc wizards
  3 worker ants
  A hound skeleton (D:10)
  A howler monkey zombie (D:6)
  2 worker ant zombies
  3 gnolls (D:6)
  4 adders
  2 adder skeletons
  A worm (D:3)
  3 dart slugs
  5 giant geckos
  20 orcs
  2 ball pythons
  9 giant cockroaches
  11 goblins
  8 hobgoblins
  12 jackals
  5 quokkas
  14 bats
  A giant gecko zombie (D:5)
  A giant newt (D:2)
  6 kobolds
  8 rats
194 creatures vanquished.

Notes
Turn   | Place    | Note
--------------------------------------------------------------
     0 | D:1      | Eucla the Minotaur Berserker began the quest for the Orb.
     0 | D:1      | Reached XP level 1. HP: 19/19 MP: 0/0
    70 | D:1      | Reached skill level 4 in Axes
   114 | D:1      | Reached XP level 2. HP: 25/27 MP: 1/1
   652 | D:2      | Found a faded altar to an unknown god.
   716 | D:2      | Reached XP level 3. HP: 33/33 MP: 2/2
   729 | D:2      | Reached ** piety under Trog
   787 | D:2      | Found a white marble altar of Elyvilon.
  1262 | D:2      | Reached skill level 5 in Axes
  1383 | D:3      | Reached XP level 4. HP: 23/41 MP: 3/3
  1436 | D:3      | Noticed Jessica
  1440 | D:3      | Killed Jessica
  1575 | D:3      | Reached skill level 5 in Fighting
  1817 | D:3      | Reached skill level 6 in Axes
  1817 | D:3      | Reached XP level 5. HP: 42/48 MP: 4/4
  1860 | D:3      | Reached *** piety under Trog
  2247 | D:4      | Noticed Blork the orc
  2260 | D:4      | Killed Blork the orc
  2288 | D:4      | Noticed Grinder
  2288 | D:4      | Paralysed by Grinder for 4 turns
  2331 | D:4      | Killed Grinder
  2331 | D:4      | Reached skill level 7 in Axes
  2331 | D:4      | Reached XP level 6. HP: 25/57 MP: 5/5
  2505 | D:4      | Reached skill level 8 in Axes
  2505 | D:4      | Reached XP level 7. HP: 50/64 MP: 6/6
  2747 | D:5      | Entered Level 5 of the Dungeon
  2850 | D:5      | Noticed DemiseSR's ghost (amateur MiBe)
  2875 | D:5      | Killed DemiseSR's ghost
  2875 | D:5      | Reached skill level 9 in Axes
  2901 | D:5      | Reached XP level 8. HP: 21/73 MP: 7/7
  2985 | D:5      | Found a staircase to the Ecumenical Temple.
  3024 | D:5      | Found a shimmering altar of Xom.
  3357 | D:5      | Reached skill level 10 in Axes
  3742 | D:6      | Noticed a gargoyle
  3751 | D:6      | Killed a gargoyle
  3785 | D:6      | Reached skill level 11 in Axes
  3887 | D:6      | Found a radiant altar of Vehumet.
  3887 | D:6      | Found a basalt altar of Yredelemnul.
  4344 | D:7      | Reached XP level 9. HP: 67/83 MP: 8/8
  4364 | D:7      | Found a sparkling altar of Nemelex Xobeh.
  4393 | D:7      | Noticed Prince Ribbit
  4403 | D:7      | Killed Prince Ribbit
  4403 | D:7      | Reached skill level 12 in Axes
  4487 | D:7      | Reached **** piety under Trog
  4562 | D:6      | Found a sacrificial altar of Ru.
  4562 | D:6      | Found a burning altar of Makhleb.
  4565 | D:6      | Found a shadowy altar of Dithmenos.
  5158 | D:9      | Noticed Psyche
  5168 | D:9      | Killed Psyche
  5168 | D:9      | Reached skill level 10 in Fighting
  5168 | D:9      | Reached skill level 13 in Axes
  5390 | D:9      | Reached XP level 10. HP: 94/94 MP: 9/9
  5638 | D:9      | Reached skill level 14 in Axes
  5833 | D:10     | Entered Level 10 of the Dungeon
  5889 | D:10     | Noticed Erolcha
  5895 | D:10     | Killed Erolcha
  5895 | D:10     | Reached skill level 15 in Axes
  5994 | D:10     | Reached ***** piety under Trog
  6640 | D:11     | Noticed a cyclops
  6649 | D:11     | Hit by a large rock thrown by a cyclops

Skill      XL: |  1  2  3  4  5  6  7  8  9 10 |
---------------+-------------------------------+-----
Axes           | 4 5 6 7 8 9 11 13 15 | 15.3
Fighting       | 4 5 6 7 9 10 11 | 11.7
Armour         | |  2.4
Dodging        | |  2.1

Action                   |  1- 3 |  4- 6 |  7- 9 | 10-12 || total
-------------------------+-------+-------+-------+-------++-------
Melee: Hand axe          |    98 |    89 |   251 |   158 ||   596
       Headbutt          |     9 |    21 |    57 |    42 ||   129
Invok: Trog's Hand       |       |     2 |     1 |     1 ||     4
       Berserk           |       |     1 |     5 |       ||     6
 Stab: Sleeping          |     1 |       |       |       ||     1
  Eat: Chunk             |     1 |     2 |     5 |     1 ||     9
       Meat ration       |       |     1 |     1 |       ||     2
       Pizza             |       |       |     4 |       ||     4
       Fruit             |       |       |     1 |       ||     1
       Beef jerky        |       |       |     1 |       ||     1
Armor: Animal skin       |    14 |       |       |       ||    14
       Scale mail        |       |    27 |    72 |       ||    99
       Chain mail        |       |       |    35 |    40 ||    75
Dodge: Dodged            |    50 |    44 |    98 |    37 ||   229
